AoeStats
← miguelon01

Lombardia

507610483Analyzed
4v4 RM · 14d ago on Sep 19, 2026· 58m 42s· 8 players
Game mode
Random Map
Map size
Large (8 player)
Population
200
Speed
Normal
Resources
Standard
Victory
Conquest
Starting age
Dark Age
Ending age
Imperial Age
RankedLock teamsTeams togetherTeam positionsShared explorationLock speedFull tech treeHidden civsTurbo modeCheats
Victory
Defeat
🇨🇳 Saracens · China
1139
+13
🇦🇷 Turks · Argentina
1136
+13
🇧🇷 Malians · Brazil
1095
+15
🇺🇸 Persians · United States
985
+20
🇺🇸 Celts · United States
1098
-16
🇺🇸 Magyars · United States
1062
-15
🇨🇳 Georgians · China
1062
-15
🇨🇳 Bohemians · China
1059
-15
Hello World
4:12 Loom
12:20 Feudal Age
14:02 Wheelbarrow
13:08 Horse Collar
13:15 Double-Bit Axe
21:11 Castle Age
19:57 Gold Mining
20:46 Stone Mining
22:18 Bow Saw
23:15 Forging
27:14 Iron Casting
26:06 Pikeman
27:35 Gambesons
28:42 Town Watch
30:09 Scale Mail Armor
31:54 Arson
33:16 Heavy Plow
37:49 Imperial Age
36:28 Hand Cart
36:56 Town Patrol
39:08 Gold Shaft Mining
39:42 Blast Furnace
39:10 Furor Celtica
39:21 Conscription
38:59 Halberdier
40:56 Chain Mail Armor
41:00 Capped Ram
41:40 Elite Woad Raider
42:12 Onager
49:05 Siege Onager
51:16 Plate Mail Armor
Elvise177
1:27 Loom
11:43 Feudal Age
16:52 Castle Age
14:57 Horse Collar
15:56 Double-Bit Axe
20:47 Heavy Plow
21:01 Bow Saw
25:41 Gold Mining
29:10 Bloodlines
29:00 Husbandry
31:32 Forging
33:37 Scale Barding Armor
37:18 Imperial Age
35:54 Wheelbarrow
35:04 Town Watch
37:20 Iron Casting
37:05 Chain Barding Armor
37:19 Elite Monaspa
39:32 Conscription
40:16 Blast Furnace
38:55 Capped Ram
40:53 Plate Barding Armor
40:24 Caravan
40:09 Siege Ram
45:09 Heavy Scorpion
49:53 Chemistry
55:16 Siege Engineers
Maggie Q
0:28 Loom
11:06 Feudal Age
20:09 Castle Age
17:59 Horse Collar
20:35 Double-Bit Axe
27:42 Town Watch
28:34 Wheelbarrow
31:14 Squires
34:11 Imperial Age
34:13 Bow Saw
34:07 Heavy Plow
34:18 Town Patrol
33:53 Pikeman
35:59 Chemistry
34:41 Treadmill Crane
36:11 Hand Cart
37:15 Conscription
37:13 Fortified Wall
37:12 Halberdier
38:24 Masonry
38:46 Wagenburg Tactics
45:19 Scale Mail Armor
45:30 Forging
45:10 Houfnice
48:46 Two-Man Saw
54:37 Elite Skirmisher
bot EPSTEIN
6:17 Loom
12:05 Feudal Age
12:33 Town Watch
13:25 Wheelbarrow
13:10 Double-Bit Axe
13:15 Horse Collar
16:10 Bloodlines
16:31 Scale Barding Armor
23:36 Castle Age
22:32 Stone Mining
22:35 Gold Mining
23:31 Fletching
23:46 Padded Archer Armor
24:27 Husbandry
25:58 Thumb Ring
25:17 Light Cavalry
29:23 Heavy Plow
29:37 Bow Saw
30:41 Bodkin Arrow
31:37 Gold Shaft Mining
36:02 Ballistics
39:20 Imperial Age
37:48 Chain Barding Armor
38:56 Leather Archer Armor
38:54 Masonry
39:08 Caravan
39:41 Hand Cart
40:16 Bracer
42:02 Chemistry
41:26 Conscription
42:58 Parthian Tactics
43:06 Ring Archer Armor
43:18 Crop Rotation
44:43 Recurve Bow
45:22 Heavy Cavalry Archer
47:45 Hussar
48:32 Corvinian Army
49:11 Plate Barding Armor
50:32 Elite Magyar Huszar
53:35 Guard Tower
57:30 Hoardings
GeneralPique
4:57 Loom
10:56 Feudal Age
11:24 Double-Bit Axe
11:24 Horse Collar
19:56 Castle Age
19:05 Bloodlines
18:48 Gold Mining
18:49 Stone Mining
21:45 Heavy Plow
22:04 Bow Saw
29:18 Wheelbarrow
28:29 Town Watch
28:51 Husbandry
30:25 Gold Shaft Mining
30:27 Stone Shaft Mining
32:28 Imperial Age
30:19 Hand Cart
30:36 Caravan
31:36 Crossbowman
33:14 Conscription
33:29 Guilds
33:32 Cavalier
34:24 Thumb Ring
34:59 Ballistics
34:34 Murder Holes
35:00 Forging
34:42 Fletching
34:52 Padded Archer Armor
34:58 Scale Barding Armor
35:34 Kamandaran
36:28 Iron Casting
38:28 Crop Rotation
39:03 Two-Man Saw
38:31 Chain Barding Armor
38:31 Savar
41:13 Citadels
42:14 Elite War Elephant
46:54 Heavy Camel Rider
59:14 Plate Barding Armor
59:39 Blast Furnace
58:35 Bodkin Arrow
59:00 Leather Archer Armor
-d
10:48 Feudal Age
15:03 Castle Age
13:18 Double-Bit Axe
13:35 Stone Mining
14:06 Double-Bit Axe
14:32 Horse Collar
16:35 Bow Saw
25:57 Wheelbarrow
25:25 Heavy Plow
29:28 Hand Cart
30:49 Fletching
34:08 Imperial Age
32:07 Bodkin Arrow
32:37 Ballistics
33:27 Forging
33:18 Padded Archer Armor
33:00 Treadmill Crane
34:41 Elite Mameluke
35:25 Bracer
36:30 Chemistry
36:41 Iron Casting
36:14 Thumb Ring
37:41 Two-Man Saw
36:33 Gold Mining
37:28 Counterweights
37:30 Scale Barding Armor
38:17 Leather Archer Armor
38:59 Parthian Tactics
39:52 Blast Furnace
39:14 Bimaristan
40:18 Ring Archer Armor
40:09 Chain Barding Armor
40:22 Bloodlines
41:19 Gold Shaft Mining
41:21 Siege Engineers
41:23 Husbandry
41:34 Bloodlines
41:23 Light Cavalry
42:19 Hussar
49:38 Plate Barding Armor
53:20 Conscription
KillerINSTIC
2:50 Loom
10:04 Feudal Age
10:56 Double-Bit Axe
14:07 Horse Collar
15:22 Forging
16:59 Scale Barding Armor
22:31 Castle Age
21:07 Bloodlines
21:09 Gold Mining
23:42 Fletching
25:14 Wheelbarrow
29:29 Bow Saw
29:21 Heavy Plow
30:55 Town Watch
36:31 Gold Shaft Mining
36:13 Hand Cart
36:00 Town Patrol
38:47 Imperial Age
36:24 Town Patrol
36:20 Stone Mining
36:54 Ballistics
38:03 Bodkin Arrow
37:52 Treadmill Crane
38:55 Padded Archer Armor
39:32 Iron Casting
39:18 Chain Barding Armor
38:55 Murder Holes
40:00 Artillery
40:38 Leather Archer Armor
41:18 Bracer
41:05 Arrowslits
41:11 Heated Shot
41:57 Conscription
41:58 Sipahi
43:57 Caravan
44:27 Coinage
45:36 Ring Archer Armor
44:52 Elite Janissary
48:23 Blast Furnace
47:58 Plate Barding Armor
52:03 Banking
51:44 Guilds
miguelon01
1:36 Loom
12:24 Feudal Age
17:22 Castle Age
16:08 Double-Bit Axe
17:20 Stone Mining
18:05 Horse Collar
24:52 Wheelbarrow
24:43 Fletching
27:13 Forging
28:31 Gold Mining
29:07 Bow Saw
33:43 Imperial Age
31:25 Bow Saw
32:30 Scale Mail Armor
32:27 Bodkin Arrow
33:00 Heavy Plow
34:22 Chain Mail Armor
35:22 Elite Gbeto
35:30 Elite Gbeto
38:37 Plate Mail Armor
39:17 Padded Archer Armor
39:45 Ballistics
41:14 Squires
40:55 Pikeman
41:21 Arson
45:13 Man-at-Arms
47:05 Hand Cart
55:43 Gold Shaft Mining
59:11 Iron Casting
Connection lost

Rejoining the realm…

Still unreachable

The connection could not be restored.

Session expired

The server has moved on; the page needs a fresh start.